 Dungeon Crawl Stone Soup version 0.30-a0-368-g86fb4627a9 (webtiles) character file.

Game seed: 12518254438370846092

751 ryw the Fighter (level 7, -8/62 HPs)
             Began as a Demonspawn Wanderer on Nov 20, 2022.
             Splashed by a jelly's acid (11 damage)
             ... on level 5 of the Dungeon.
             The game lasted 00:07:07 (3682 turns).

ryw the Fighter (Demonspawn Wanderer)               Turns: 3682, Time: 00:07:08

Health: -8/62      AC: -13   Str: 13    XL:     7   Next: 49%
Magic:  10/10      EV: 11    Int: 13    God:
Gold:   342        SH:  4    Dex: 14    Spells: 9/10 levels left

rFire   . . .      SeeInvis .    x - +0 dagger (venom)
rCold   . . .      Faith    .    (no shield)
rNeg    . . .      Spirit   .    e - +0 robe
rPois   .          Reflect  .    (no helmet)
rElec   .          Harm     .    (no cloak)
rCorr   .          Rampage  .    o - +0 pair of gloves
Will    .....                    j - +0 pair of boots
Stlth   +.........               g - amulet of regeneration
HPRegen 1.10/turn                (no ring)
MPRegen 0.12/turn                (no ring)

@: corroded
A: molten scales 1, condensation shield
a: no special abilities


You were on level 5 of the Dungeon.
You visited 1 branch of the dungeon, and saw 5 of its levels.

You collected 342 gold pieces.

Inventory:

Hand Weapons
 a - a +2 dagger
 v - a +1 vampiric dagger
 x - a +0 dagger of venom (weapon)
Missiles
 b - 2 curare-tipped darts (quivered)
Armour
 e - a +0 robe (worn)
 j - a +0 pair of boots (worn)
 o - a +0 pair of gloves (worn)
Jewellery
 g - an amulet of regeneration (around neck)
 r - a ring of positive energy
Scrolls
 d - a scroll of blinking
 f - a scroll of enchant armour {unknown}
 h - a scroll of fear {unknown}
 k - 2 scrolls of teleportation {unknown}
 p - a scroll of immolation {unknown}
 q - a scroll of torment {unknown}
 s - a scroll of poison {unknown}
 y - a scroll of brand weapon {unknown}
 z - a scroll of magic mapping {unknown}
Potions
 c - 4 potions of lignification
 i - a potion of berserk rage {unknown}
 l - 3 potions of resistance
 m - 3 potions of curing
 n - 2 potions of flight
 t - a potion of attraction
 u - 2 potions of invisibility
 w - a potion of haste


   Skills:
 + Level 8.3 Fighting
 - Level 3.6 Throwing
 - Level 1.0 Armour
 - Level 2.0 Spellcasting
 - Level 3.0 Hexes


You had 9 spell levels left.
You knew the following spells:

 Your Spells              Type           Power      Damage    Failure   Level
a - Slow                  Hex            36%        N/A       8%          1

Your spell library contained the following spells:

 Spells                   Type           Power      Damage    Failure   Level
 Tukima's Dance           Hex            9%         N/A       22%         3


Dungeon Overview and Level Annotations

Branches:
Dungeon (5/15)
 Temple: D:4-7

Altars:
Cheibriados
Hepliaklqana
Kikubaaqudgha
Sif Muna
Yredelemnul

Annotations:
D:3 1 runed translucent door, Manisia's ghost, weakling DsGl


Innate Abilities, Weirdness & Mutations

You are partially covered in molten scales. (AC +2)
A meltable shield of frost defends you. (SH +4)


Message History

The jelly looks more healthy.
The jelly barely misses you.
You hit the jelly but do no damage.
Your hands burn!
The jelly is severely wounded.
The jelly closely misses you.
Hit: x) +0 dagger (venom)
Press: ? - help, Dir - move target, f - jelly
Aim: a jelly (severely wounded, about 9% to evade your +0 dagger of venom)
Okay, then.
You hit the jelly but do no damage.
Your hands burn!
The jelly is severely wounded.
The jelly hits you.
You are splashed with acid!
* * * LOW HITPOINT WARNING * * *
The jelly attacks as you move away! The jelly closely misses you.
The jelly attacks as you move away! The jelly misses you.
The jelly attacks as you move away! The jelly barely misses you.
You see here a +0 giant club.
You see here a +0 giant spiked club.
Things that are here:
a +0 giant spiked club; an ogre corpse The jelly attacks as you move away!
The jelly closely misses you. The jelly attacks as you move away!
The jelly hits you.
You are splashed with acid!
You hit the jelly but do no damage.
The jelly is poisoned.
The acid corrodes you!
Your hands burn!
* * * LOW HITPOINT WARNING * * *
The jelly is severely wounded.
The jelly hits you.
* * * LOW HITPOINT WARNING * * *
The acid corrodes you!
You are splashed with acid.
* * * LOW HITPOINT WARNING * * *
Unknown command.
The jelly attacks as you move away! The jelly misses you.
The jelly attacks as you move away! The jelly hits you.
* * * LOW HITPOINT WARNING * * *
You are splashed with acid!
* * * LOW HITPOINT WARNING * * *
The jelly attacks as you move away! The jelly hits you.
* * * LOW HITPOINT WARNING * * *
You are splashed with acid!
You die...

...# #..# #..#
#..# #..# #..#
#..#### #...@.#
#.###J#
.##.#######.# #.#
.......<.)..# #.#
##..###########.#
#...# #.###
#######.#
........#


You could see a jelly (very poisoned).

Vanquished Creatures
  Grinder (D:4)
  3 ogres (D:5)
  A jelly (D:5)
  3 iguanas
  4 orc wizards
  An adder (D:3)
  4 worms
  A dart slug (D:2)
  9 orcs
  5 endoplasms
  4 giant cockroaches
  6 goblins
  6 hobgoblins
  5 kobolds
  3 quokkas (D:1)
  4 ball pythons
  5 bats
  A frilled lizard (D:3)
  4 rats
70 creatures vanquished.

Vanquished Creatures (others)
  An orc wizard (D:4)
1 creature vanquished.

Grand Total: 71 creatures vanquished

Notes
Turn   | Place    | Note
-------+----------+-------------------------------------------
     0 | D:1      | ryw the Demonspawn Wanderer began the quest for the Orb.
     0 | D:1      | ryw set off with the following items: a +2 dagger, 3
                  | curare-tipped darts, a potion of lignification, a scroll of
                  | blinking, a +0 robe; and the following spell memorised:
                  | Slow; and the following spells available to memorise:
                  | Tukima's Dance.
     0 | D:1      | Reached XP level 1. HP: 13/13 MP: 3/3
   137 | D:1      | Reached skill level 1 in Fighting
   207 | D:1      | Gained mutation: You are partially covered in molten
                  | scales. (AC +2) [demonic ancestry]
   207 | D:1      | Reached XP level 2. HP: 22/22 MP: 5/5
   344 | D:1      | Reached skill level 2 in Fighting
   960 | D:2      | You fall into a shaft and drop 2 floors!
  1028 | D:3      | Found a snail-covered altar of Cheibriados.
  1049 | D:3      | Reached XP level 3. HP: 26/28 MP: 6/6
  1229 | D:2      | Reached skill level 3 in Fighting
  1804 | D:3      | Found a basalt altar of Yredelemnul.
  1859 | D:3      | Found a runed translucent door.
  1860 | D:3      | Noticed Manisia's ghost (weakling DsGl)
  2063 | D:3      | Found a shimmering blue altar of Sif Muna.
  2175 | D:3      | Found a hazy altar of Hepliaklqana.
  2314 | D:3      | Reached XP level 4. HP: 27/37 MP: 7/7
  2412 | D:3      | Reached skill level 4 in Fighting
  2613 | D:4      | Gained mutation: A meltable shield of frost defends you.
                  | (SH +4) [demonic ancestry]
  2613 | D:4      | Reached XP level 5. HP: 43/43 MP: 8/8
  2625 | D:4      | Reached skill level 5 in Fighting
  2853 | D:4      | Found an ancient bone altar of Kikubaaqudgha.
  3005 | D:4      | Noticed Grinder
  3024 | D:4      | Paralysed by Grinder for 2 turns
  3029 | D:4      | Paralysed by Grinder for 3 turns
  3033 | D:4      | Killed Grinder
  3034 | D:4      | Reached skill level 6 in Fighting
  3034 | D:4      | Reached XP level 6. HP: 39/53 MP: 9/9
  3416 | D:5      | Entered Level 5 of the Dungeon
  3431 | D:5      | Reached skill level 7 in Fighting
  3538 | D:5      | Reached XP level 7. HP: 60/60 MP: 10/10
  3634 | D:5      | Reached skill level 8 in Fighting
  3682 | D:5      | HP: 3/62 [jelly (3)]
  3682 | D:5      | Splashed by a jelly's acid

Illustrated notes

Levels and vault maps discovered:
D:1:      dpeg_arrival_shrine, layout_loops_ring
D:2:      layout_loops_ring, chequers_serial_rivers_large_b
D:3:      minmay_wonky_spiral, layout_basic, mainiacjoe_overflow_paths,
          yredelemnul_altar_generic, mainiacjoe_overflow_small_starburst,
          mainiacjoe_overflow_alcove_2, ebering_ghost_reflecting_pool
D:4:      layout_basic, mainiacjoe_overflow_large_starburst,
          dreamdust_wishing_well, uniq_grinder
D:5:      layout_loops_ring, lemuel_crystal_altar,
          nicolae_concentric_dashed_squares_wild, uniq_menkaure

Skill      XL: |  1  2  3  4  5  6  7 |
---------------+----------------------+-----
Fighting       | 1 2 3 4 6 7 8 |  8.3
Throwing       | |  3.6
Armour         | |  1.0
Spellcasting   | |  2.0
Hexes          | |  3.0

Action                   |  1- 3 |  4- 6 |  7- 9 || total
-------------------------+-------+-------+-------++-------
Melee: Dagger            |   180 |   132 |    26 ||   338
       Punch             |     1 |     2 |     1 ||     4
Throw: Dart              |     1 |     6 |     3 ||    10
  Use: Potion            |       |     4 |       ||     4
       Scroll            |       |     4 |       ||     4
 Stab: Sleeping          |     4 |       |       ||     4
Armor: Robe              |    60 |    47 |     1 ||   108
Dodge: Dodged            |    75 |    65 |    13 ||   153
Block: Other             |       |    13 |     4 ||    17

Table legend: (Time is in decaauts)
 A = Elapsed time spent in this place.
 B = Non-inter-level travel time spent in this place.
 C = Inter-level travel time spent in this place.
 D = Time resting spent in this place.
 E = Time spent auto-exploring this place.
 F = Levels seen in this place.
 G = Mean time per level.
                   A        B        C        D        E       F      G
               +--------+--------+--------+--------+--------+-----+--------+
         Total |   3706 |   3579 |    127 |    157 |   2563 |   5 |  741.2 |
       Dungeon |   3706 |   3579 |    127 |    157 |   2563 |   5 |  741.2 |
               +--------+--------+--------+--------+--------+-----+--------+

Top non-repeatable levels by time:
     D:3: 995 daAuts
     D:4: 925 daAuts
     D:2: 794 daAuts
     D:1: 752 daAuts
     D:5: 238 daAuts
